cohdb
Replays
Latest Replays
All Replays
Popular Replays
Top Player Replays
Match Explorer
How It Works
Community
CoH3 Stats
Reddit
Sign in to upload your games and track your stats! →
Sign in with Steam
Match 40530004
Unlisted
Match 40530004
Overview
Messages
Build Orders
End
Construct Section Command Post
Vickers Machine Gun Team
Dingo Light Scout Car
Infantry Section
Infantry Section
Selects Heavy Armor Battlegroup
Infantry Section
Construct Platoon Command Post
Selects Rigorous Vehicle Training
Selects Forward Repair Assembly
6-pounder Anti-tank Gun Team
Infantry Training
Infantry Section
Construct Company Command Post
Unlock Towed 17-pounder Anti-tank Guns
Selects Churchill Black Prince Heavy Tank
2nd "PrabowoTower" Pz.Div
Adult Asthma Is A Choice
Cool Whhip
Fatal Thoughts
0
0
Comments
sign in to comment!
No comments posted yet!